 Dungeon Crawl Stone Soup version 0.25.0-9-g26727b657a (webtiles) character file.

Game seed: 11451631240283869148

6 protoss039 the Sneak (level 1, 0/10 HPs)
             Began as a Vampire Enchanter on June 20, 2020.
             Slain by a goblin
             ... wielding a +0 dagger of electrocution
              (5 damage)
             ... on level 1 of the Dungeon.
             The game lasted 00:01:11 (300 turns).

protoss039 the Sneak (Vampire Enchanter)             Turns: 300, Time: 00:01:11

Health: 0/10       AC:  2    Str:  7    XL:     1   Next: 75%
Magic:  1/3        EV: 12    Int: 17    God:
Gold:   53         SH:  0    Dex: 14    Spells: 3/4 levels left

rFire    . . .     SeeInvis +   f - +0 short sword (venom)
rCold    + + .     Gourm    .   (no shield)
rNeg     + + +     Faith    .   b - +0 robe
rPois    ∞         Spirit   .   (no helmet)
rElec    .         Reflect  .   (no cloak)
rCorr    .         Harm     .   (no gloves)
MR       .....                  (no boots)
Stlth    +++++.....             (no amulet)
HPRegen  0.00/turn              (no ring)
MPRegen  0.08/turn              (no ring)

@: bloodless
A: no food, fangs 3, see invisible, unbreathing
a: Revivify


You were on level 1 of the Dungeon.
You were bloodless.

You visited 1 branch of the dungeon, and saw 1 of its levels.

You collected 53 gold pieces.

Inventory:

Hand Weapons
 a - a +1 dagger
 f - a +0 short sword of venom (weapon)
Armour
 b - a +0 robe (worn)
Jewellery
 d - an uncursed ring of ice {unknown}
Scrolls
 c - a scroll of identify {unknown}
 e - a scroll of amnesia {unknown}
 g - 2 scrolls of teleportation {unknown}


   Skills:
 + Level 1.1 Short Blades
 + Level 2.2 Dodging
 + Level 4.6 Stealth
 + Level 2.1 Spellcasting
 + Level 4.5 Hexes


You had 3 spell levels left.
You knew the following spells:

 Your Spells              Type           Power        Failure   Level  Hunger
a - Corona                Hex            ###....      3%          1    N/A

Your spell library contained the following spells:

 Spells                   Type           Power        Failure   Level  Hunger
 Confusing Touch          Hex            ###.....     9%          3    N/A
 Tukima's Dance           Hex            ###.....     9%          3    N/A
 Ensorcelled Hibernation  Hex/Ice        #.....       12%         2    N/A
 Dazzling Flash           Conj/Hex       #.....       22%         3    N/A

Dungeon Overview and Level Annotations

Branches:
Dungeon (1/15)

Altars:


Innate Abilities, Weirdness & Mutations

You do not eat.
You do not regenerate when monsters are visible.
You are frail without blood (-20% HP).
You can heal yourself when you bite living creatures.
You are immune to poison.
You have razor-sharp teeth.
You have supernaturally acute eyesight. (SInv)
You can survive without breathing.


Message History

You don't know that spell.
Casting: Corona (safe; 3% risk of failure)
Confirm with . or Enter, or press ? or * to list all spells.
Aiming: Corona (safe; 3% risk of failure)
Press: ? - help, Shift-Dir - straight line, f - rat
Aim: a rat (chance to defeat MR: 71%)
The rat is outlined in light.
The rat barely misses you.
You hit the rat but do no damage.
The rat is poisoned.
You kill the rat!
Casting: Corona (safe; 3% risk of failure)
Confirm with . or Enter, or press ? or * to list all spells.
Aiming: Corona (safe; 3% risk of failure)
Press: ? - help, Shift-Dir - straight line, f - goblin
Aim: a goblin, wielding a +0 dagger of electrocution (chance to defeat MR: 71%)
The goblin barely resists.
The goblin hits you with a +0 dagger of electrocution.
You closely miss the goblin.
The goblin hits you with a +0 dagger of electrocution.
Ouch! That really hurt!
You die...

#. #.##..# #.#.##..#
#.#.##..# #.#..#..#
####.#.##..####
.....$........> #
####.......#
##.#......###@#
##..+......###g#
...............#
.............#.#.# #
...........##..#.#
.#..........#.#.....
#. #......##.#.......
.##.#....#.##........
.#.#.#..#.#.#........


You could see a goblin.

Vanquished Creatures
  A hobgoblin (D:1)
  A kobold (D:1)
  A frilled lizard (D:1)
  4 rats (D:1)
7 creatures vanquished.

Notes
Turn   | Place    | Note
-------+----------+-------------------------------------------
     0 | D:1      | protoss039 the Vampire Enchanter began the quest for the
                  | Orb.
     0 | D:1      | Reached XP level 1. HP: 13/13 MP: 3/3
   300 | D:1      | Slain by a goblin

Illustrated notes

Levels and vault maps discovered:
D:1:      lemuel_arrival_broad_hall, layout_basic,
          minmay_misc_feat_secret_circle, nemelex_diamond_rough_becter

Action                   || total
-------------------------++-------
Melee: Dagger            ||     6
       Short sword       ||     6
 Cast: Corona            ||     5
 Abil: Exsanguinate      ||     1
 Stab: Sleeping          ||     4
Dodge: Dodged            ||     4
